 Dungeon Sprint DCSS version 0.20-a0-1009-gc986637 (webtiles) character file.

16576 Roshambo the Stickfighter (level 12, -3/100 HPs)
             Began as a Demonspawn Gladiator on Apr 14, 2017.
             Was the Champion of Makhleb.
             Slain by an ettin
             ... wielding a +0 dire flail
              (31 damage)
             ... in the Dungeon (Sprint IX: "|||||||||||||||||||||||||||||").
             The game lasted 00:05:34 (2568 turns).

Roshambo the Stickfighter (Demonspawn Gladiator)    Turns: 2568, Time: 00:05:34

Health: -3/100     AC: 24    Str: 15    XL:     12   Next: 11%
Magic:  20/20      EV: 17    Int:  8    God:    Makhleb [******]
Gold:   682        SH:  0    Dex: 23    Spells: 11/11 levels left

rFire    . . .     SeeInvis .   p - +4 quarterstaff (speed)
rCold    + + +     Gourm    .   (shield currently unavailable)
rNeg     . . .     Faith    .   M - +7 chain mail of the Guardian {+Inv rElec rC++ Int-3}
rPois    +         Spirit   .   c - +0 helmet
rElec    +         Reflect  .   F - +0 cloak
rCorr    .         Harm     .   G - +0 pair of gloves
MR       .....     NoTele   +   L - +1 pair of boots
Stlth    ..........             a - amulet of regeneration
Regen    0.7/turn               s - +3 ring of dexterity
MPRegen  0.2/turn               b - ring "Pyomnicsi" {rPois rC+ Int+2}

@: slowed, repel missiles, very slow
A: hooves 2, repulsion field 3, demonic guardian 2, powered by death 1
a: Minor Destruction, Lesser Servant of Makhleb, Major Destruction, Greater
Servant of Makhleb, Renounce Religion, Evoke Invisibility


You were in the Dungeon.
You worshipped Makhleb.
Makhleb was exalted by your worship.
You were hungry.

You visited 1 branch You collected 1800 gold pieces.
You spent 1118 gold pieces at shops.

Inventory:

Hand Weapons
 p - a +4 quarterstaff of speed (weapon)
 K - a +4 quarterstaff of protection
Missiles
 d - 3 throwing nets (quivered)
Armour
 c - a +0 helmet (worn)
 q - a +0 pair of boots
 r - a +1 scale mail
 F - a +0 cloak (worn)
 G - a +0 pair of gloves (worn)
 L - a +1 pair of boots (worn)
 M - the +7 chain mail of the Guardian (worn) {+Inv rElec rC++ Int-3}
   (You found it in the Dungeon)

   It affects your intelligence (-3).
   It greatly protects you from cold.
   It insulates you from electricity.
   It lets you turn invisible.
Jewellery
 a - an amulet of regeneration (around neck)
 b - the ring "Pyomnicsi" (right hand) {rPois rC+ Int+2}
   (You bought it in a shop in the Dungeon)

   [ring of poison resistance]

   It affects your intelligence (+2).
   It protects you from cold.
   It protects you from poison.
 s - a +3 ring of dexterity (left hand)
 t - a +3 ring of strength
 H - an uncursed ring of fire
 I - an uncursed ring of protection from magic
 J - an uncursed ring of fire
Wands
 o - a wand of lightning (0/15)
 A - a wand of random effects (14/48)
Scrolls
 j - 3 scrolls of identify
 k - 3 scrolls of blinking
 m - 4 scrolls of remove curse
 n - 2 scrolls of amnesia
 w - 2 scrolls of recharging
 x - a scroll of fog
 y - 6 scrolls of enchant weapon
Potions
 e - 5 potions of curing
 g - 8 potions of heal wounds
 h - 3 potions of haste
 i - 4 potions of magic
 l - a potion of invisibility
 u - 2 potions of might
 v - 3 potions of berserk rage
 B - a potion of resistance
 C - a potion of mutation
Comestibles
 f - 13 bread rations
 D - 40 fruits
 E - 12 meat rations


   Skills:
 + Level 11.5 Fighting
 * Level 20.3 Staves
 - Level 1.7 Throwing
 + Level 9.1 Armour
 + Level 10.1 Dodging
 + Level 11.8 Invocations
 + Level 0.2 Evocations


You had 11 spell levels left.
You didn't know any spells.

Dungeon Overview and Level Annotations

Branches:
Dungeon (1/1)

Altars:
Cheibriados
Dithmenos
Elyvilon
Fedhas
Gozag
Hepliaklqana
Kikubaaqudgha
Makhleb
Nemelex Xobeh
Okawaru
Qazlal
Ru
Sif Muna
Trog
Uskayaw
Vehumet
Wu Jian
Xom
Yredelemnul
Zin
The Shining One
Beogh
Jiyva
Lugonu

Shops:
D ?%==


Innate Abilities, Weirdness & Mutations

You have hoof-like feet.
You are surrounded by a strong repulsion field. (EV +4, RMsl)
A demonic guardian rushes to your aid.
You regenerate a little health from kills.


Message History

Nothing appears to happen.
Your orange demon stings the ettin from afar!
The ettin looks as sick as possible!
Your orange demon poisons the ettin!
The ettin barely misses you. The ettin hits you but does no damage.
You thump the ettin!
The ettin is moderately wounded.
You hit the ettin.
The ettin is moderately wounded.
Your orange demon stings the ettin from afar!
The ettin completely misses you. The ettin hits you with a dire flail!
* * * LOW HITPOINT WARNING * * *
You barely miss the ettin.
The ettin is heavily wounded.
Your orange demon stings the ettin from afar.
The ettin looks as sick as possible!
Your orange demon poisons the ettin!
You catch the helpless ettin completely off-guard!
You hit the ettin but do no damage.
The ettin is severely wounded.
The ettin hits you with a dire flail!!
You die...

▓.▓.▓.▓.▓)▓.▓†▓
▓.▓.▓.▓.▓.▓.▓†▓
▓|▓.▓.▓.▓)▓.▓)▓
▓)▓.▓.▓.▓)▓.▓.▓
▓.▓.▓.▓.▓∩▓.▓)▓
▓[▓.▓.▓.▓)▓.▓†▓
▓.▓.▓.▓.▓∩▓.▓.▓
▓)▓.▓.▓.▓)▓.▓4▓
▓.▓.▓.▓.▓∩▓.▓@▓
▓)▓.▓[▓.▓.▓.▓C▓
▓.▓.▓.▓.▓∩▓.▓J▓
▓.▓.▓.▓.▓.▓.▓Q▓
▓.▓.▓'▓.▓.▓.▓c▓
▓.▓.▓.▓.▓.▓.▓C▓
▓.▓.▓.▓.▓.▓.▓Z▓
▓.▓.▓[▓.▓.▓.▓.▓
▓†▓.▓.▓.▓'▓.▓


You could see a stone giant, a tengu reaver, an ettin, a slime creature, a
centaur warrior, a bat simulacrum and a friendly orange demon.

Vanquished Creatures
  A frost giant (D)
  Josephine (D)
  An ice dragon (D)
  3 two-headed ogres (D)
  A tengu warrior (D)
  8 orc sorcerers (D)
  A manticore (D)
  A deep elf mage (D)
  2 elephants (D)
  A black mamba (D)
  A komodo dragon (D)
  A hornet (D)
  A yak (shapeshifter) (D)
  5 wraiths (D)
  A vampire mosquito (D)
  A soldier ant (shapeshifter) (D)
  3 wargs (D)
  A hell hound (D)
  4 water moccasins (D)
  9 orc warriors (D)
  A sky beast (D)
  4 wolves (D)
  2 crocodiles (D)
  A bullfrog (D)
  2 crimson imps (D)
  A hound (D)
  A jelly (D)
  2 orc priests (D)
  7 orc wizards (D)
  2 worker ants (D)
  A hell rat (D)
  2 adders (D)
  4 orcs (D)
  A giant cockroach (D)
  3 goblins (D)
  A jackal (D)
  A kobold (D)
  A rat (D)
84 creatures vanquished.

Vanquished Creatures (collateral kills)
  A hydra (D)
  An orc knight (D)
  5 orc sorcerers (D)
  A komodo dragon (D)
  A rime drake (D)
  A yak (D)
  A basilisk (D)
  2 porcupines (D)
  An orc warrior (D)
  An orc wizard (D)
15 creatures vanquished.

Grand Total: 99 creatures vanquished

Notes
Turn   | Place    | Note
-------+----------+-------------------------------------------
     0 | D        | Roshambo the Demonspawn Gladiator began the quest for the Orb.
     0 | D        | Reached XP level 1. HP: 16/16 MP: 1/1
     5 | D        | Reached skill level 3 in Staves
    34 | D        | Reached skill level 4 in Staves
   103 | D        | Noticed a worker ant
   108 | D        | Reached skill level 5 in Staves
   108 | D        | Gained mutation: You are surrounded by a mild repulsion field. (EV +2) [demonic ancestry]
   108 | D        | Reached XP level 2. HP: 21/22 MP: 2/2
   120 | D        | Reached skill level 6 in Staves
   126 | D        | Reached skill level 7 in Staves
   126 | D        | Gained mutation: You are surrounded by a moderate repulsion field. (EV +3) [demonic ancestry]
   126 | D        | Reached XP level 3. HP: 11/27 MP: 3/3
   321 | D        | Found a roughly hewn altar of Beogh.
   321 | D        | Found a snail-covered altar of Cheibriados.
   321 | D        | Found a shadowy altar of Dithmenos.
   321 | D        | Found a white marble altar of Elyvilon.
   321 | D        | Found a blossoming altar of Fedhas.
   321 | D        | Found an opulent altar of Gozag.
   322 | D        | Found a hazy altar of Hepliaklqana.
   323 | D        | Found a viscous altar of Jiyva.
   324 | D        | Found an ancient bone altar of Kikubaaqudgha.
   325 | D        | Found a corrupted altar of Lugonu.
   326 | D        | Found a burning altar of Makhleb.
   327 | D        | Found a sparkling altar of Nemelex Xobeh.
   328 | D        | Found an iron altar of Okawaru.
   329 | D        | Found a stormy altar of Qazlal.
   330 | D        | Found a sacrificial altar of Ru.
   331 | D        | Found a deep blue altar of Sif Muna.
   332 | D        | Found a bloodstained altar of Trog.
   333 | D        | Found a hide-covered altar of Uskayaw.
   334 | D        | Found a radiant altar of Vehumet.
   335 | D        | Found an ornate altar of the Wu Jian Council.
   336 | D        | Found a shimmering altar of Xom.
   337 | D        | Found a basalt altar of Yredelemnul.
   338 | D        | Found a glowing silver altar of Zin.
   344 | D        | Became a worshipper of Makhleb the Destroyer
   350 | D        | Found a glowing golden altar of the Shining One.
   395 | D        | Noticed a hornet
   395 | D        | Noticed a two-headed ogre
   395 | D        | Noticed a two-headed ogre
   396 | D        | Gained mutation: You have large cloven feet. [demonic ancestry]
   396 | D        | Reached XP level 4. HP: 33/33 MP: 4/4
   399 | D        | Killed a hornet
   399 | D        | Reached skill level 10 in Staves
   399 | D        | Reached skill level 5 in Dodging
   399 | D        | Reached XP level 5. HP: 23/41 MP: 5/5
   399 | D        | Gained mutation: A weak demonic guardian rushes to your aid. [demonic ancestry]
   399 | D        | Reached XP level 6. HP: 26/47 MP: 6/6
   404 | D        | Killed a two-headed ogre
   404 | D        | Reached * piety under Makhleb
   404 | D        | Reached skill level 13 in Staves
   404 | D        | Gained mutation: You regenerate a little health from kills. [demonic ancestry]
   404 | D        | Reached XP level 7. HP: 8/55 MP: 7/7
   409 | D        | Killed a two-headed ogre
   409 | D        | Reached skill level 5 in Fighting
   409 | D        | Reached skill level 14 in Staves
   409 | D        | Reached XP level 8. HP: 10/62 MP: 8/8
   419 | D        | Reached ** piety under Makhleb
   576 | D        | Noticed a tengu warrior
   598 | D        | Killed a tengu warrior
   598 | D        | Reached *** piety under Makhleb
   598 | D        | Reached skill level 15 in Staves
   598 | D        | Reached skill level 5 in Armour
   598 | D        | Gained mutation: A demonic guardian rushes to your aid. [demonic ancestry]
   598 | D        | Reached XP level 9. HP: 69/69 MP: 9/9
   850 | D        | Noticed a five-headed hydra
   860 | D        | Reached **** piety under Makhleb
   860 | D        | Reached skill level 16 in Staves
   861 | D        | Noticed a rime drake
   870 | D        | Killed a five-headed hydra
   873 | D        | Reached ***** piety under Makhleb
   878 | D        | Killed a rime drake
  1106 | D        | Noticed a black mamba
  1106 | D        | Noticed a komodo dragon
  1106 | D        | Noticed an elephant
  1111 | D        | Noticed an elephant
  1112 | D        | Killed a black mamba
  1112 | D        | Reached skill level 17 in Staves
  1112 | D        | Gained mutation: You have hoof-like feet. [demonic ancestry]
  1112 | D        | Reached XP level 10. HP: 77/77 MP: 10/10
  1142 | D        | Killed an elephant
  1142 | D        | Reached ****** piety under Makhleb
  1160 | D        | Killed an elephant
  1206 | D        | Reached skill level 18 in Staves
  1340 | D        | Noticed Josephine
  1364 | D        | Killed Josephine
  1460 | D        | Reached skill level 5 in Invocations
  1460 | D        | Gained mutation: You are surrounded by a strong repulsion field. (EV +4, RMsl) [demonic ancestry]
  1460 | D        | Reached XP level 11. HP: 87/87 MP: 12/14
  1607 | D        | Noticed an orc knight
  1607 | D        | Noticed an orc sorcerer
  1616 | D        | Killed an orc knight
  1620 | D        | Killed an orc sorcerer
  1621 | D        | Noticed an orc sorcerer
  1652 | D        | Killed an orc sorcerer
  1675 | D        | Reached skill level 10 in Invocations
  1942 | D        | Found Venaume's Magic Scroll Emporium.
  1942 | D        | Noticed an orc sorcerer
  1942 | D        | Noticed an orc sorcerer
  1942 | D        | Noticed an orc sorcerer
  1942 | D        | Noticed an orc sorcerer
  1942 | D        | Noticed an orc sorcerer
  1946 | D        | Killed an orc sorcerer
  1947 | D        | Noticed an orc sorcerer
  1954 | D        | Killed an orc sorcerer
  1954 | D        | Reached skill level 19 in Staves
  1955 | D        | Found Efaceam's Food Shoppe.
  1955 | D        | Noticed an orc sorcerer
  1963 | D        | Killed an orc sorcerer
  1974 | D        | Found Xifusas's Jewellery Emporium.
  1977 | D        | Killed an orc sorcerer
  1982 | D        | Paralysed by an orc sorcerer for 3 turns
  1986 | D        | Noticed an orc sorcerer
  1989 | D        | Killed an orc sorcerer
  1991 | D        | Killed an orc sorcerer
  1992 | D        | Found Ycwaar's Jewellery Shoppe.
  1992 | D        | Noticed an orc sorcerer
  1994 | D        | Noticed an orc sorcerer
  1995 | D        | Noticed a soul eater
  2007 | D        | Killed an orc sorcerer
  2007 | D        | Reached skill level 10 in Fighting
  2014 | D        | Killed an orc sorcerer
  2023 | D        | Killed an orc sorcerer
  2023 | D        | Reached skill level 10 in Dodging
  2027 | D        | Killed an orc sorcerer
  2028 | D        | Noticed a sun demon
  2073 | D        | Noticed an orc sorcerer
  2078 | D        | Noticed a sun demon
  2081 | D        | Killed an orc sorcerer
  2269 | D        | Bought an uncursed amulet of regeneration for 420 gold pieces
  2269 | D        | Bought the ring "Pyomnicsi" {rPois rC+ Int+2} for 534 gold pieces
  2278 | D        | Bought a scroll of enchant weapon for 82 gold pieces
  2278 | D        | Bought a scroll of enchant weapon for 82 gold pieces
  2432 | D        | Got the +7 chain mail of the Guardian {+Inv rElec rC++ Int-3}
  2463 | D        | Noticed a two-headed ogre
  2463 | D        | Noticed a deep elf mage
  2474 | D        | Noticed an ice dragon
  2483 | D        | Noticed a frost giant
  2489 | D        | Killed a two-headed ogre
  2506 | D        | Noticed an ettin
  2509 | D        | Killed a deep elf mage
  2522 | D        | Reached skill level 20 in Staves
  2524 | D        | Noticed a centaur warrior
  2539 | D        | Killed an ice dragon
  2540 | D        | Noticed a tengu reaver
  2557 | D        | Killed a frost giant
  2557 | D        | Reached XP level 12. HP: 62/100 MP: 20/20
  2558 | D        | Noticed a stone giant
  2568 | D        | Slain by an ettin

Vault maps used:
D:        linesprint

Skill      XL: |  1  2  3  4  5  6  7  8  9 10 11 |
---------------+----------------------------------+-----
Staves         | 5 7 10 13 14 15 17 18 20 | 20.3
Dodging        | 3 5 7 8 9 10 | 10.1
Fighting       | 3 4 5 6 8 11 | 11.5
Armour         | 2 3 4 5 7 9 |  9.1
Invocations    | 5 11 | 11.8
Throwing       | |  1.7
Evocations     | |  0.2

Action                   |  1- 3 |  4- 6 |  7- 9 | 10-12 || total
-------------------------+-------+-------+-------+-------++-------
Melee: Quarterstaff      |    56 |     1 |    62 |   406 ||   525
Invok: Major Destruction |       |       |       |     1 ||     1
       Greater Servant o |       |       |       |     1 ||     1
Evoke: Wand              |       |     5 |     2 |     1 ||     8
  Use: Potion            |       |       |     1 |     1 ||     2
 Stab: Distracted        |       |       |       |     1 ||     1
  Eat: Chunk             |       |       |       |     5 ||     5
Armor: Leather armour    |     9 |       |       |       ||     9
       Scale mail        |       |       |     9 |    33 ||    42
       Chain mail        |       |       |       |    25 ||    25
Dodge: Dodged            |    37 |     6 |    26 |   140 ||   209
       Deflected         |       |       |       |     1 ||     1
